 Dungeon Crawl Stone Soup version 0.32-a0-120-gfac0567ad4 (webtiles) character file.

Game seed: 18094259021814888909

374 lunkers the Cudgeller (level 6, -4/59 HPs)
             Began as an Oni Gladiator on Feb 7, 2024.
             Was an Initiate of the Shining One.
             Killed from afar by an orc wizard (10 damage)
             ... with a puff of flame
             ... on level 4 of the Dungeon.
             The game lasted 00:04:14 (3143 turns).

lunkers the Cudgeller (Oni Gladiator)               Turns: 3143, Time: 00:04:14

Health: -4/59      AC:  4    Str: 21    XL:     6   Next: 72%
Magic:  6/6        EV: 10    Int: 12    God:    the Shining One [......]
Gold:   274        SH:  0    Dex: 10    Spells: 5/5 levels left

rFire   . . .        a - +0 flail
rCold   . . .        (no shield)
rNeg    . . .        j - +1 robe of Relativism {Rampage rElec Int+3}
rPois   .            c - +0 hat
rElec   +            (no cloak)
rCorr   .            (gloves unavailable)
SInv    .            (boots unavailable)
Will    .....        (no amulet)
Stlth   +            (no ring)
HPRegen 0.29/turn    (no ring)
MPRegen 0.10/turn

%: rampage
@: confused, attractive, glowing
A: large, unfitting armour, horns 1, tough skin 1, double potion healing,
drunken brawling
a: Renounce Religion


You were on level 4 of the Dungeon.
You worshipped the Shining One.
The Shining One was noncommittal.
You visited 1 branch of the dungeon, and saw 4 of its levels.

You collected 274 gold pieces.

Inventory:

Hand Weapons
 a - a +0 flail (weapon)
Missiles
 d - 3 throwing nets
 e - a large rock
Armour
 b - a +0 robe
 c - a +0 hat (worn)
 j - the +1 robe of Relativism (worn) {Rampage rElec Int+3}
   (You found it on level 3 of the Dungeon)

   Int+3:     It affects your intelligence (+3).
   rElec:     It insulates you from electricity.
   Rampage:   It bestows one free step when moving towards enemies.
Scrolls
 g - a scroll of teleportation {unknown}
 h - 5 scrolls of identify {unknown}
 k - a scroll of immolation {unknown}
 l - a scroll of blinking {unknown}
Potions
 f - a potion of degeneration {unknown}
 i - a potion of attraction


   Skills:
 - Level 2.6 Fighting
 * Level 7.3 Maces & Flails
 - Level 2.0 Throwing
 - Level 2.6 Dodging


You had 5 spell levels left.
You didn't know any spells.
Your spell library contained the following spells:

 Spells                   Type           Power      Damage    Failure   Level
 Freeze                   Ice            0%         1d3       32%         1
 Call Imp                 Summ           0%         N/A       45%         2
 Sublimation of Blood     Necr           0%         N/A       45%         2
 Frozen Ramparts          Ice            0%         1d1       69%         3
 Hailstorm                Conj/Ice       0%         3d5       69%         3
 Summon Hydra             Summ           0%         N/A       100%        7


Dungeon Overview and Level Annotations

Branches:
Dungeon (4/15)
 Temple: D:4-7

Altars:
Cheibriados
The Shining One

Shops:
D:2 !


Innate Abilities, Weirdness & Mutations

You are too large for most types of armour.
You have a pair of small horns on your head.
You have tough skin. (AC +1)
You gain doubled healing and magic from potions.
Whenever you drink a healing potion, you attack all around you.


Message History

Unknown command.
The orc wizard attacks as it pursues you!
The orc wizard closely misses you. The orc attacks as it pursues you!
The orc barely misses you.
Unknown command.
Unknown command.
Okay, then.
It was a potion of attraction.
You feel attractive to monsters. The endoplasm closely misses you.
The orc wizard hits you with a +0 dagger.
* * * LOW HITPOINT WARNING * * *
You bump into the rock wall.
The endoplasm misses you.
The orc wizard gestures at you while chanting.
You are more confused.
You closely miss the orc wizard. Your headbutt misses the orc wizard.
The endoplasm hits you.
* * * LOW HITPOINT WARNING * * *
The orc wizard hits you but does no damage.
You hear some strange, mumbled words.
A magic dart appears from out of thin air!
The magic dart hits you!
* * * LOW HITPOINT WARNING * * *
You barely miss the orc wizard. Your headbutt misses the orc wizard.
The endoplasm freezes you.
You are frozen.
* * * LOW HITPOINT WARNING * * *
The orc wizard points at you and mumbles some strange words.
You resist with some effort.
You hear some strange, mumbled words.
A magic dart appears from out of thin air!
The magic dart hits you!
* * * LOW HITPOINT WARNING * * *
You're too confused to move!
The endoplasm jiggles.
The endoplasm hits you.
* * * LOW HITPOINT WARNING * * *
The orc wizard points at you and mumbles some strange words.
The puff of flame hits you!
You die...

#......... #........#
#<.......# #........#
#........# #........#
#......oo# .
+>....S{o#
#.##.....oJ@#
........#####
#.##....##############
+....#............#
#....#............#
#....#............#
#.[..'............#
#.####............#
### #.#
#............####


You could see an orc wizard, an adder, 3 orcs and an endoplasm.

Vanquished Creatures
  Grinder (D:3)
  A bombardier beetle (D:3)
  An orc priest (D:3)
  An orc wizard (D:3)
  3 adders
  A ribbon worm (D:3)
  2 dart slugs
  8 orcs (D:3)
  4 ball pythons
  4 endoplasms
  5 hobgoblins
  4 kobolds
  4 bats
  6 frilled lizards
  5 goblins
  5 rats
55 creatures vanquished.

Notes
Turn   | Place    | Note
-------+----------+-------------------------------------------
     0 | D:1      | lunkers the Oni Gladiator began the quest for the Orb.
     0 | D:1      | Reached XP level 1. HP: 22/22 MP: 1/1
   516 | D:1      | Reached XP level 2. HP: 29/29 MP: 2/2
   883 | D:2      | Found a snail-covered altar of Cheibriados.
   948 | D:2      | Reached skill level 4 in Maces & Flails
  1127 | D:2      | HP: 1/29 [poisoned by an adder]
  1128 | D:2      | Reached XP level 3. HP: 1/36 MP: 3/3
  1185 | D:2      | Found Gubustack's Distillery.
  1294 | D:2      | Found a faded altar of an unknown god.
  1989 | D:3      | Reached XP level 4. HP: 44/44 MP: 4/4
  2016 | D:3      | Reached skill level 5 in Maces & Flails
  2280 | D:3      | Reached XP level 5. HP: 22/50 MP: 5/5
  2289 | D:3      | Found a glowing golden altar of the Shining One.
  2296 | D:3      | Became a worshipper of the Shining One
  2435 | D:3      | Identified the +1 robe of Relativism {Rampage rElec Int+3}
  2507 | D:3      | Reached skill level 6 in Maces & Flails
  2564 | D:3      | Noticed Grinder
  2569 | D:3      | Paralysed by Grinder for 3 turns
  2574 | D:3      | Paralysed by Grinder for 5 turns
  2581 | D:3      | Paralysed by Grinder for 3 turns
  2586 | D:3      | Killed Grinder
  2587 | D:3      | Reached skill level 7 in Maces & Flails
  2587 | D:3      | Reached XP level 6. HP: 18/59 MP: 6/6
  2782 | D:3      | Found a snail-covered altar of Cheibriados.
  3143 | D:4      | Killed from afar by an orc wizard

Illustrated notes

Levels and vault maps discovered:
D:1:      enne_arrival_octagon_isle, layout_loops_corners,
          corexii_hall_statues_deadend, kennysheep_doodads
D:2:      layout_basic, hellmonk_ecumenical_altar_crossroads, basic_altar,
          serial_shops, nicolae_shop_tiny_glass
D:3:      layout_basic, slow_altar_2, tso_altar, uniq_grinder
D:4:      layout_basic, minmay_temple_entry_poolview

Skill      XL: |  1  2  3  4  5 |
---------------+----------------+-----
Maces & Flails | 4 5 7 |  7.3
Fighting       | |  2.6
Throwing       | |  2.0
Dodging        | |  2.6

Action                     |  1- 3 |  4- 6 || total
---------------------------+-------+-------++-------
  Melee: Flail             |   116 |    91 ||   207
         Headbutt          |    13 |    16 ||    29
         Punch             |     4 |     6 ||    10
    Use: Potion            |     2 |     1 ||     3
 Armour: Robe              |    76 |    81 ||   157
  Dodge: Dodged            |    62 |    42 ||   104

Table legend: (Time is in decaauts)
 A = Elapsed time spent in this place.
 B = Non-inter-level travel time spent in this place.
 C = Inter-level travel time spent in this place.
 D = Time resting spent in this place.
 E = Time spent auto-exploring this place.
 F = Levels seen in this place.
 G = Mean time per level.
                   A        B        C        D        E       F      G
               +--------+--------+--------+--------+--------+-----+--------+
         Total |   3175 |   3091 |     84 |      0 |   2575 |   4 |  793.8 |
       Dungeon |   3175 |   3091 |     84 |      0 |   2575 |   4 |  793.8 |
               +--------+--------+--------+--------+--------+-----+--------+

Top non-repeatable levels by time:
     D:3: 1350 daAuts
     D:1: 892 daAuts
     D:2: 834 daAuts
     D:4: 98 daAuts
